 Dungeon Crawl Stone Soup version 0.25-a0-424-g80bd347ae0 (webtiles) character file.

Game seed: 12136340214353268453, levelgen mode: deterministic

393 Esekla the Gusty (level 7, -2/48 HPs)
             Began as a Human Air Elementalist on Jan 21, 2020.
             Was an Initiate of Qazlal.
             Killed from afar by an orc wizard (10 damage)
             ... with a puff of frost
             ... on level 3 of the Dungeon.
             The game lasted 00:28:38 (2811 turns).

Esekla the Gusty (Human Air Elementalist)           Turns: 2811, Time: 00:28:39

Health: -2/48      AC:  2    Str:  8    XL:     7   Next: 8%
Magic:  3/13       EV: 13    Int: 18    God:    Qazlal [......]
Gold:   139        SH:  0    Dex: 13    Spells: 4/14 levels left

rFire    . . .     SeeInvis .   k - +2 short sword (holy)
rCold    . . .     Gourm    .   (no shield)
rNeg     . . .     Faith    +   a - +0 robe
rPois    .         Spirit   .   (no helmet)
rElec    .         Reflect  .   (no cloak)
rCorr    .         Harm     .   (no gloves)
MR       .....                  (no boots)
Stlth    ++........             g - amulet of faith
HPRegen  0.16/turn              (no ring)
MPRegen  0.13/turn              (no ring)

@: no status effects
A: no striking features
a: Renounce Religion


You were on level 3 of the Dungeon.
You worshipped Qazlal.
Qazlal was noncommittal.
You were not hungry.

You visited 1 branch of the dungeon, and saw 4 of its levels.

You collected 139 gold pieces.

Inventory:

Hand Weapons
 b - a +3 trident of venom
 k - a +2 short sword of holy wrath (weapon)
 l - the +8 trident "Aframurch" {drain, rN+}
   (You found it on level 4 of the Dungeon)

   A truly terrible weapon, it drains the life of those it strikes.
   It protects you from negative energy.
Missiles
 f - 22 poisoned darts (quivered)
Armour
 a - a +0 robe (worn)
Magical Staves
 r - an uncursed staff of cold
Jewellery
 g - an amulet of faith (around neck)
Wands
 m - a wand of iceblast (13)
 n - a wand of enslavement (7)
Scrolls
 e - 4 scrolls of teleportation {unknown}
 i - a scroll of remove curse {unknown}
 j - 2 scrolls of immolation {unknown}
 o - a scroll of identify
Potions
 d - 2 potions of brilliance
 h - 2 potions of lignification
 p - a potion of flight {unknown}
 q - a potion of ambrosia {unknown}
Comestibles
 c - 9 rations


   Skills:
 + Level 1.0 Fighting
 + Level 0.5 Short Blades
 * Level 3.2 Dodging
 - Level 2.0 Stealth
 * Level 4.2 Spellcasting
 * Level 3.0 Conjurations
 + Level 4.3 Air Magic


You had 4 spell levels left.
You knew the following spells:

 Your Spells              Type           Power        Failure   Level  Hunger
a - Shock                 Conj/Air       ###.         3%          1    None
b - Swiftness             Chrm/Air       ##......     9%          2    ##.....
c - Static Discharge      Conj/Air       ###.....     10%         3    ###....
d - Airstrike             Air            ###.......   24%         4    ####...

Your spell library contained the following spells:

 Spells                   Type           Power        Failure   Level  Hunger
 Lightning Bolt           Conj/Air       ###.......   65%         5    ######.


Dungeon Overview and Level Annotations

Branches:
Dungeon (4/15)
 Temple: D:4-7

Altars:
Ashenzari
Cheibriados
Elyvilon
Kikubaaqudgha
Qazlal
Zin
The Shining One


Message History

The orc wizard misses you.
The orc wizard hits you with a cursed -1 dagger.
Casting: Shock (safe; 3% risk of failure)
Confirm with . or Enter, or press ? or * to list all spells.
Aiming: Shock (safe; 3% risk of failure)
Press: ? - help, Shift-Dir - straight line, f - orc wizard
Aim: an orc wizard, wielding a -1 dagger and wearing a +0 robe (almost dead, poisoned)
The zap hits the orc wizard.
You kill the orc wizard!
Qazlal accepts your kill.
Your Fighting skill increases to level 1!
Your Conjurations skill increases to level 3!
The orc wizard hits you with a +0 dagger.
The orc wizard barely misses you. The orc barely misses you.
Items here: )) ? [[ † The orc wizard closely misses you.
The orc hits you with a +0 flail!
* * * LOW HITPOINT WARNING * * *
The orc wizard points at you and mumbles some strange words.
The puff of frost hits you!
You die...

#........#
#)...'._#..
#........#
#...8'.##..
.........#
#...8#_##..
.........#
##...###...
.........#
##.....##.
.........#
###..#### ....(
#.## #.##
.....(#..# ##.####
.......(@##
#.....## .
.....###..#
######...#..# .
....
#oo###.##........#
# ###
#.[).#.(#.#.......
####)#..#......._.
#....#.......). .
#......._..⌠... .
###
#..#..#........ .
...#
#..#...........


You could see an orc wizard and an orc.

Vanquished Creatures
  3 orc wizards
  A gnoll shaman (D:4)
  Jessica (D:1)
  Terence (D:2)
  An iguana (D:4)
  A worker ant (D:4)
  6 gnolls
  4 adders
  An adder skeleton (D:4)
  2 worms (D:3)
  A dart slug (D:4)
  3 leopard geckos
  5 orcs
  A ball python (D:3)
  4 giant cockroaches
  9 goblins
  7 hobgoblins
  6 jackals
  6 kobolds
  2 quokkas
  4 bats
  2 frilled lizards
  A quokka skeleton (D:4)
  6 rats
78 creatures vanquished.

Notes
Turn   | Place    | Note
-------+----------+-------------------------------------------
     0 | D:1      | Esekla the Human Air Elementalist began the quest for the
                  | Orb.
     0 | D:1      | Reached XP level 1. HP: 13/13 MP: 3/3
   274 | D:1      | Reached XP level 2. HP: 14/19 MP: 1/5
   637 | D:1      | Reached XP level 3. HP: 19/24 MP: 0/6
   791 | D:2      | Noticed Jessica
   804 | D:1      | Killed Jessica
   804 | D:1      | Reached XP level 4. HP: 30/31 MP: 3/8
   972 | D:2      | Noticed Terence
  1153 | D:2      | Killed Terence
  1153 | D:2      | Reached XP level 5. HP: 21/36 MP: 2/9
  1176 | D:2      | Learned a level 2 spell: Swiftness
  1180 | D:2      | Learned a level 3 spell: Static Discharge
  1185 | D:2      | Learned a level 4 spell: Airstrike
  1924 | D:4      | Reached XP level 6. HP: 34/42 MP: 8/11
  2195 | D:4      | Found a shattered altar of Ashenzari.
  2307 | D:4      | Got an ichor-stained trident
  2328 | D:4      | Identified the +8 trident "Aframurch" {drain, rN+} (You
                  | found it on level 4 of the Dungeon)
  2699 | D:3      | Found an ancient bone altar of Kikubaaqudgha.
  2706 | D:3      | Found a stormy altar of Qazlal.
  2707 | D:3      | Found a snail-covered altar of Cheibriados.
  2714 | D:3      | Became a worshipper of Qazlal Stormbringer
  2732 | D:3      | Found a white marble altar of Elyvilon.
  2732 | D:3      | Found a glowing silver altar of Zin.
  2732 | D:3      | Found a glowing golden altar of the Shining One.
  2804 | D:3      | Reached XP level 7. HP: 24/47 MP: 4/13
  2807 | D:3      | Reached skill level 1 in Fighting
  2811 | D:3      | Killed from afar by an orc wizard

Levels and vault maps discovered:
D:1:      dpeg_arrival_rhombi, layout_loops_ring, minmay_misc_feat_tower
D:2:      layout_rooms, serial_corexii_hall, chequers_hall_statues_corner_a,
          chequers_hall_statues_wall_a, chequers_serial_rivers_micro_b,
          uniq_robin, uniq_jessica, uniq_terence
D:3:      layout_rooms, good_gods_mini_temple, grunt_temple_overflow_open,
          minmay_goblin_outpost
D:4:      layout_loops_cross, first_ration, ashenzari_altar_1

Skill      XL: |  1  2  3  4  5  6  7 |
---------------+----------------------+-----
Spellcasting   | 3 4 |  4.2
Conjurations   | 2 3 |  3.0
Air Magic      | 4 |  4.3
Dodging        | 3 |  3.2
Fighting       | 1 |  1.0
Short Blades   | |  0.5
Stealth        | |  2.0

Action                   |  1- 3 |  4- 6 |  7- 9 || total
-------------------------+-------+-------+-------++-------
Melee: Unarmed           |     5 |       |       ||     5
       Dagger            |     2 |    11 |       ||    13
       Short sword       |       |    23 |     1 ||    24
Throw: Dart              |     2 |    13 |       ||    15
 Cast: Shock             |    31 |   103 |     3 ||   137
  Use: Scroll            |       |     2 |       ||     2
       Potion            |       |     1 |       ||     1
 Stab: Sleeping          |       |     4 |       ||     4
       Distracted        |       |     1 |       ||     1
  Eat: Chunk             |       |     6 |       ||     6
Armor: Robe              |     9 |    17 |       ||    26
Dodge: Dodged            |    25 |    70 |     4 ||    99

Table legend:
 A = Non-vault XP
 B = Vault XP
 C = Vault XP percentage of total XP
 D = Non-vault monster count
 E = Vault monster count
 F = Vault count percentage of total count
                 A         B        C        D         E       F
            +---------+---------+-------+---------+---------+-------
      Total |     489 |      73 |  13.0 |      76 |       2 |   2.6
            +---------+---------+-------+---------+---------+-------
        D:1 |      46 |      37 |  44.6 |      19 |       1 |   5.0
        D:2 |      31 |      36 |  53.7 |      13 |       1 |   7.1
        D:3 |      88 |       0 |   0.0 |      22 |       0 |   0.0
        D:4 |     324 |       0 |   0.0 |      22 |       0 |   0.0
            +---------+---------+-------+---------+---------+-------
